cohdb
Replays
Latest Replays
All Replays
Popular Replays
Top Player Replays
Match Explorer
How It Works
Community
CoH3 Stats
Reddit
Sign in to upload your games and track your stats! →
Sign in with Steam
Match 42472423
Unlisted
Match 42472423
Overview
Messages
Build Orders
End
Vickers Machine Gun Team
Construct Section Command Post
Dingo Light Scout Car
Selects Heavy Armor Battlegroup
ML 3-inch Mortar Team
Infantry Section
Selects Rigorous Vehicle Training
Infantry Section
Construct Platoon Command Post
Unlock Bishop Self-propelled Artillery
6-pounder Anti-tank Gun Team
Bishop Self-propelled Artillery
Infantry Section
Light Vehicle Training
Selects Light Vehicle Withdraw and Refit
Selects Radio Net
Infantry Section
Selects Forward Repair Assembly
Selects UNKNOWN (2162094)
Construct Company Command Post
Royal Engineer Section
Churchill IV Heavy Tank
Selects Recon Artillery
Armored Vehicle Training
Recon Artillery
Churchill IV Heavy Tank
Recon Artillery
Royal Engineer Section
Churchill IV Heavy Tank
Phan
Dark Angels
Tirant
胡萝卜
ashilrye
Raiden
Ashur
rabbit hole
0
0
Comments
sign in to comment!
No comments posted yet!